 Dungeon Crawl Stone Soup version 0.26.1-11-gd32895ea62 (webtiles) character file.

Game seed: 12542871045983464260

50 vvl the Ruffian (level 3, -1/29 HPs)
             Began as a Draconian Transmuter on June 4, 2021.
             Hit by a goblin thrown by Robin (2 damage)
             ... on level 2 of the Dungeon.
             The game lasted 00:03:19 (1543 turns).

vvl the Ruffian (Draconian Transmuter)              Turns: 1543, Time: 00:03:20

Health: -1/29      AC:  5    Str: 13    XL:     3   Next: 55%
Magic:  6/6        EV: 11    Int: 13    God:
Gold:   88         SH:  3    Dex: 11    Spells: 5/6 levels left

rFire    . . .     SeeInvis .     - Unarmed
rCold    . . .     Faith    .   b - +0 buckler
rNeg     . . .     Spirit   .   (armour unavailable)
rPois    .         Reflect  .   (helmet restricted)
rElec    .         Harm     .   (no cloak)
rCorr    .         Rampage  .   (no gloves)
Will     .....                  (no boots)
Stlth    +.........             (no amulet)
HPRegen  0.09/turn              (no ring)
MPRegen  0.10/turn              (no ring)

@: no status effects
A: unfitting armour, cold-blooded, AC +5
a: no special abilities


You were on level 2 of the Dungeon.
You visited 1 branch of the dungeon, and saw 2 of its levels.

You collected 88 gold pieces.

Inventory:

Armour
 b - a +0 buckler (worn)
Scrolls
 c - 2 scrolls of remove curse {unknown}
 d - a scroll of identify {unknown}
 e - 2 scrolls of amnesia {unknown}
 f - a scroll of immolation {unknown}
 g - 2 scrolls of enchant weapon {unknown}
 i - 2 scrolls of noise {unknown}
 j - a scroll of fog {unknown}
Potions
 a - a potion of mutation {unknown}
 h - a potion of attraction {unknown}
 k - a potion of might


   Skills:
 + Level 1.8 Fighting
 + Level 2.1 Dodging
 + Level 0.5 Shields
 + Level 3.2 Unarmed Combat
 + Level 2.1 Spellcasting
 * Level 2.5 Transmutations
 + Level 1.0 Invocations


You had 5 spell levels left.
You knew the following spells:

 Your Spells              Type           Power        Failure   Level
a - Beastly Appendage     Tmut           16%          14%         1

Your spell library contained the following spells:

 Spells                   Type           Power        Failure   Level
 Wereblood                Tmut           8%           21%         2
 Spider Form              Tmut/Pois      2%           56%         3
 Ice Form                 Ice/Tmut       4%           93%         4
 Blade Hands              Tmut           4%           98%         5


Dungeon Overview and Level Annotations

Branches:
Dungeon (2/15)

Altars:

Annotations:
D:2 Robin


Innate Abilities, Weirdness & Mutations

Your plain brown scales are hard. (AC +5)
You cannot fit into any form of body armour.
You are cold-blooded and may be slowed by cold attacks.


Message History

The goblin hits you.
* * * LOW HITPOINT WARNING * * *
Robin hits you but does no damage. You block the goblin's attack.
The hobgoblin hits you but does no damage.
Robin throws the goblin at you!
* * * LOW HITPOINT WARNING * * *
The goblin misses you.
You closely miss the goblin.
The goblin is severely wounded.
The hobgoblin misses you. The goblin barely misses you. x2
The goblin barely misses you.
You closely miss the goblin.
The goblin is severely wounded.
The hobgoblin barely misses you. The goblin hits you.
* * * LOW HITPOINT WARNING * * *
Robin hits you but does no damage. The goblin hits you.
* * * LOW HITPOINT WARNING * * *
Your horns disappear.
Your talons disappear.
The goblin barely misses you. Robin throws the goblin at you!
You die...

#.# #.###### .# #.##
####### #......# ..# #..#
#.....# #..###.######...>
####.#
#.....####..###)##........
.....#
#.......##.....).)g.......
####.#
#.....#.###...#†##........
####.#
#.....#.##....).####.#....
##...# ####....g.g....[#
.# ... ##.#.#
#.#...@g...#.# .# ..
##.#.######.##†#..g..#.#
.# .
..........†...##..####.#
.#
##......###...†........#
.. #.[....# #.#.##........
##.....# #........#####
#.....# #.#......# #######
#.####.#.# #.# #(#...


You could see Robin, a hobgoblin (strong) and 2 goblins.

Vanquished Creatures
  An ooze (D:2)
  4 dart slugs (D:1)
  3 giant cockroaches
  4 hobgoblins
  3 jackals (D:1)
  A ball python (D:1)
  3 bats
  4 frilled lizards
  9 goblins
  4 rats (D:1)
36 creatures vanquished.

Notes
Turn   | Place    | Note
-------+----------+-------------------------------------------
     0 | D:1      | vvl the Draconian Transmuter began the quest for the Orb.
     0 | D:1      | Reached XP level 1. HP: 16/16 MP: 3/3
   378 | D:1      | Reached XP level 2. HP: 23/23 MP: 5/5
  1092 | D:1      | Reached XP level 3. HP: 17/28 MP: 6/6
  1508 | D:2      | Noticed Robin
  1535 | D:2      | Reached skill level 1 in Invocations
  1541 | D:2      | HP: 1/29 [goblin (2)]
  1543 | D:2      | Hit by a goblin thrown by Robin

Illustrated notes

Levels and vault maps discovered:
D:1:      kilobyte_arrival_exit_the_forest, layout_basic
D:2:      layout_loops_cross, yredelemnul_altar_generic, uniq_robin

Skill      XL: |  1  2  3 |
---------------+----------+-----
Dodging        | 2 |  2.1
Invocations    | 1 |  1.0
Fighting       | |  1.8
Shields        | |  0.5
Unarmed Combat | |  3.2
Spellcasting   | |  2.1
Transmutations | |  2.5

Action                   || total
-------------------------++-------
Melee: Unarmed           ||   107
       Kick              ||    19
       Headbutt          ||    11
       Tailslap          ||     8
 Cast: Beastly Appendage ||    15
 Stab: Sleeping          ||     1
Armor: Skin              ||    40
Dodge: Dodged            ||    56
Block: Buckler           ||    12
